TOP OF THE 1ST |
Utica Unicorns batting - Pitching for Havana Rollers : RHP Ron Jenkins
|
Pitching: RHP Ron Jenkins
|
|
Batting: RHB John Jones
|
0-0: Called Strike 0-1: Foul Ball, location: 2F 0-2: Ball 1-2: Foul Ball, location: 2F 1-2: Fly out, F3 (Popup, 3S)
|
Batting: LHB Stan Hickman
|
0-0: Called Strike 0-1: Foul Ball, location: 2F 0-2: Ball 1-2: Ball 2-2: Ball 3-2: Ground out 1-3 (Groundball, 13S)
|
Batting: RHB Kenny Cole
|
0-0: Ball 1-0: Foul Ball, location: 2F 1-1: Swinging Strike 1-2: Ball 2-2: Ground out 4-3 (Groundball, 4)
|
Top of the 1st over - 0 runs, 0 hits, 0 errors, 0 left on base; Utica 0 - Havana 0 |
BOTTOM OF THE 1ST |
Havana Rollers batting - Pitching for Utica Unicorns : RHP Errol Murphy
|
Pitching: RHP Errol Murphy
|
|
Batting: RHB Paul Bailey
|
0-0: Called Strike 0-1: Ball 1-1: Ball 2-1: Foul Ball, location: 2F 2-2: Strikes out swinging
|
Batting: LHB Mario Olivares
|
0-0: Ball 1-0: Ball 2-0: Ball 3-0: Called Strike 3-1: Foul Ball, location: 2F 3-2: Ground out 4-3 (Groundball, 4)
|
Batting: RHB Soshu Nakamura
|
0-0: Ball 1-0: Called Strike 1-1: Called Strike 1-2: Strikes out swinging
|
Bottom of the 1st over - 0 runs, 0 hits, 0 errors, 0 left on base; Utica 0 - Havana 0 |
TOP OF THE 2ND |
Utica Unicorns batting - Pitching for Havana Rollers : RHP Ron Jenkins
|
Batting: LHB José Román
|
0-0: Called Strike 0-1: Ball 1-1: Called Strike 1-2: Foul Ball, location: 2F 1-2: Ball 2-2: Ground out 4-3 (Groundball, 34)
|
Batting: RHB Morgan Gibbon
|
0-0: Ball 1-0: Ground out 4-3 (Groundball, 4)
|
Batting: SHB Ralph Robison
|
0-0: Called Strike 0-1: Foul Ball, location: 2F 0-2: Ball 1-2: Ball 2-2: Strikes out swinging
|
Top of the 2nd over - 0 runs, 0 hits, 0 errors, 0 left on base; Utica 0 - Havana 0 |
BOTTOM OF THE 2ND |
Havana Rollers batting - Pitching for Utica Unicorns : RHP Errol Murphy
|
Batting: LHB Enrique Cortéz
|
0-0: SINGLE (Groundball, 4MD)
|
Batting: RHB Bill Little
|
0-0: Called Strike 0-1: Ball 1-1: Ball 2-1: SINGLE (Flyball, 89M) Enrique Cortéz to second Runner from 2nd tries for 3rd, SAFE, no throw
|
Batting: LHB Shiro Ueno
|
0-0: Ball 1-0: Called Strike 1-1: Ball 2-1: Ball 3-1: Fly out, F8 (Line Drive, 8LD) Runner from 3rd tags up, SCORES, throw made
|
Batting: RHB Luis Aguilar
|
0-0: Ball 1-0: Called Strike 1-1: SINGLE (Groundball, 56D) Bill Little to second
|
Batting: RHB Chad Case
|
0-0: Fly out, F7 (Flyball, 78M)
|
Batting: RHB Ken MacDonald
|
0-0: Ground out 5-3 (Groundball, 56S)
|
Bottom of the 2nd over - 1 run, 3 hits, 0 errors, 2 left on base; Utica 0 - Havana 1 |
TOP OF THE 3RD |
Utica Unicorns batting - Pitching for Havana Rollers : RHP Ron Jenkins
|
Batting: RHB Justin Geoghegan
|
0-0: Ball 1-0: SINGLE (Groundball, 34D)
|
Batting: RHB Juan Caceres
|
0-0: Called Strike 0-1: Ball 1-1: Ball 2-1: SINGLE (Groundball, 34D) Justin Geoghegan to second Runner from 2nd tries for 3rd, SAFE, throw made to third
|
Batting: RHB António Magana
|
0-0: Ball 1-0: Swinging Strike 1-1: Ball 2-1: Ball Wild Pitch! Justin Geoghegan scores Juan Caceres to second 3-1: Swinging Strike 3-2: Strikes out swinging
|
Batting: RHB John Jones
|
0-0: Foul Ball, location: 2F 0-1: Swinging Strike 0-2: Fly out, F6 (Popup, 6M)
|
Batting: LHB Stan Hickman
|
0-0: Ball 1-0: Fly out, F4 (Popup, 4MD)
|
Top of the 3rd over - 1 run, 2 hits, 0 errors, 1 left on base; Utica 1 - Havana 1 |
BOTTOM OF THE 3RD |
Havana Rollers batting - Pitching for Utica Unicorns : RHP Errol Murphy
|
Batting: RHB Paul Bailey
|
0-0: Ball 1-0: Called Strike 1-1: Swinging Strike 1-2: Ball 2-2: Fly out, F7 (Flyball, 7LSF)
|
Batting: LHB Mario Olivares
|
0-0: Ball 1-0: Called Strike 1-1: Swinging Strike 1-2: Ball 2-2: Ball 3-2: Strikes out looking
|
Batting: RHB Soshu Nakamura
|
0-0: Ball 1-0: SINGLE (Flyball, 7S)
|
Batting: LHB Enrique Cortéz
|
0-0: Swinging Strike 0-1: Swinging Strike 0-2: Ball 1-2: Ball 2-2: Fly out, F9 (Flyball, 9LM)
|
Bottom of the 3rd over - 0 runs, 1 hit, 0 errors, 1 left on base; Utica 1 - Havana 1 |
TOP OF THE 4TH |
Utica Unicorns batting - Pitching for Havana Rollers : RHP Ron Jenkins
|
Batting: RHB Kenny Cole
|
0-0: Ball 1-0: Called Strike 1-1: Foul Ball, location: 2F 1-2: Foul Ball, location: 2F 1-2: Ball 2-2: Foul Ball, location: 2F 2-2: Ball 3-2: Foul Ball, location: 2F 3-2: Ground out U3 (Groundball, 3)
|
Batting: LHB José Román
|
0-0: Foul Ball, location: 2F 0-1: Foul Ball, location: 2F 0-2: Foul Ball, location: 2F 0-2: Ball 1-2: Ground out 4-3 (Groundball, 4)
|
Batting: RHB Morgan Gibbon
|
0-0: Ball 1-0: Ball 2-0: Called Strike 2-1: Called Strike 2-2: Foul Ball, location: 2F 2-2: Fly out, F9 (Flyball, 9S)
|
Top of the 4th over - 0 runs, 0 hits, 0 errors, 0 left on base; Utica 1 - Havana 1 |
BOTTOM OF THE 4TH |
Havana Rollers batting - Pitching for Utica Unicorns : RHP Errol Murphy
|
Batting: RHB Bill Little
|
0-0: Called Strike 0-1: Swinging Strike 0-2: Ball 1-2: Strikes out looking
|
Batting: LHB Shiro Ueno
|
0-0: Ground out 6-3 (Groundball, 6)
|
Batting: RHB Luis Aguilar
|
0-0: Ball 1-0: Swinging Strike 1-1: Called Strike 1-2: Ground out 4-3 (Groundball, 4)
|
Bottom of the 4th over - 0 runs, 0 hits, 0 errors, 0 left on base; Utica 1 - Havana 1 |
TOP OF THE 5TH |
Utica Unicorns batting - Pitching for Havana Rollers : RHP Ron Jenkins
|
Batting: SHB Ralph Robison
|
0-0: Ground out 2-3 (Groundball, 15S)
|
Batting: RHB Justin Geoghegan
|
0-0: Ball 1-0: Swinging Strike 1-1: Ball 2-1: Ground out 1-3 (Groundball, 13S)
|
Batting: RHB Juan Caceres
|
0-0: Ball 1-0: Ball 2-0: Foul Ball, location: 2F 2-1: Ball 3-1: Called Strike 3-2: Ground out 6-3 (Groundball, 6)
|
Top of the 5th over - 0 runs, 0 hits, 0 errors, 0 left on base; Utica 1 - Havana 1 |
BOTTOM OF THE 5TH |
Havana Rollers batting - Pitching for Utica Unicorns : RHP Errol Murphy
|
Batting: RHB Chad Case
|
0-0: Ball 1-0: Ball 2-0: Called Strike 2-1: Called Strike 2-2: Strikes out swinging
|
Batting: RHB Ken MacDonald
|
0-0: Ball 1-0: Foul Ball, location: 2F 1-1: Swinging Strike 1-2: Strikes out looking
|
Batting: RHB Paul Bailey
|
0-0: Called Strike 0-1: Ground out 6-3 (Groundball, 6)
|
Bottom of the 5th over - 0 runs, 0 hits, 0 errors, 0 left on base; Utica 1 - Havana 1 |
TOP OF THE 6TH |
Utica Unicorns batting - Pitching for Havana Rollers : RHP Ron Jenkins
|
Batting: RHB António Magana
|
0-0: Ball 1-0: Called Strike 1-1: Ball 2-1: Foul Ball, location: 2F 2-2: Ground out 6-3 (Groundball, 56)
|
Batting: RHB John Jones
|
0-0: Ball 1-0: Swinging Strike 1-1: Ground out 1-3 (Groundball, 13)
|
Batting: LHB Stan Hickman
|
0-0: Ball 1-0: Called Strike 1-1: Ground out U3 (Groundball, 3)
|
Top of the 6th over - 0 runs, 0 hits, 0 errors, 0 left on base; Utica 1 - Havana 1 |
BOTTOM OF THE 6TH |
Havana Rollers batting - Pitching for Utica Unicorns : RHP Errol Murphy
|
Batting: LHB Mario Olivares
|
0-0: Ball 1-0: Ball 2-0: Ball 3-0: Called Strike 3-1: Base on Balls
|
Batting: RHB Soshu Nakamura
|
0-0: Called Strike 0-1: Ball 1-1: Fielders Choice at 2nd, 6-4 (Groundball, 6)
|
Batting: LHB Enrique Cortéz
|
0-0: Ball 1-0: Ball 2-0: Called Strike 2-1: Grounds into double play, 5-4-3 (Groundball, 56)
|
Bottom of the 6th over - 0 runs, 0 hits, 0 errors, 0 left on base; Utica 1 - Havana 1 |
TOP OF THE 7TH |
Utica Unicorns batting - Pitching for Havana Rollers : RHP Ron Jenkins
|
Batting: RHB Kenny Cole
|
0-0: Called Strike 0-1: Swinging Strike 0-2: Ball 1-2: DOUBLE (Groundball, 5L)
|
Batting: LHB José Román
|
0-0: Intentional Walk
|
Pinch Hitting: LHB Mitchell Oglethorpe
|
0-0: Ball 1-0: Ball 2-0: Ball 3-0: Base on Balls Kenny Cole to third José Román to second
|
Pitching: RHP Nolan Baker
|
|
Batting: SHB Ralph Robison
|
0-0: Called Strike 0-1: Foul Ball, location: 2F 0-2: Ball 1-2: Fly out, F7 (Flyball, 7LSF) Runner from 3rd tags up, SCORES, no throw
|
Batting: RHB Justin Geoghegan
|
0-0: Ball 1-0: Swinging Strike 1-1: Foul Ball, location: 2F 1-2: Strikes out swinging
|
Batting: RHB Juan Caceres
|
0-0: Fielders Choice at 2nd, 5-4 (Groundball, 5D)
|
Top of the 7th over - 1 run, 1 hit, 0 errors, 2 left on base; Utica 2 - Havana 1 |
BOTTOM OF THE 7TH |
Havana Rollers batting - Pitching for Utica Unicorns : RHP Errol Murphy
|
Now at 1B: Mitchell Oglethorpe
|
|
Batting: RHB Bill Little
|
0-0: Ball 1-0: Foul Ball, location: 2F 1-1: Ball 2-1: Called Strike 2-2: Fly out, F9 (Flyball, 9S)
|
Batting: LHB Shiro Ueno
|
0-0: Hit by Pitch
|
Pinch Hitting: LHB Jimmy Husted
|
0-0: Foul Ball, location: 2F 0-1: DOUBLE (Line Drive, 78D) Shiro Ueno to third
|
Batting: RHB Chad Case
|
0-0: Called Strike 0-1: Ground out 4-3 (Groundball, 4)
|
Pinch Hitting: SHB Yasuhiro Ikarashi
|
0-0: Ball 1-0: Called Strike 1-1: Ground out 1-3 (Groundball, 13S)
|
Bottom of the 7th over - 0 runs, 1 hit, 0 errors, 2 left on base; Utica 2 - Havana 1 |
TOP OF THE 8TH |
Utica Unicorns batting - Pitching for Havana Rollers : RHP Nolan Baker
|
Now at 1B: Yasuhiro Ikarashi
|
|
Now at 3B: Júlio Valentín
|
|
Batting: RHB António Magana
|
0-0: Foul Ball, location: 2F 0-1: Ball 1-1: Swinging Strike 1-2: Strikes out swinging
|
Batting: RHB John Jones
|
0-0: Ball 1-0: Called Strike 1-1: Fly out, F9 (Flyball, 9S)
|
Batting: LHB Stan Hickman
|
0-0: Hit by Pitch
|
Batting: RHB Kenny Cole
|
0-0: Called Strike 0-1: Called Strike 0-2: Ball 1-2: Strikes out swinging
|
Top of the 8th over - 0 runs, 0 hits, 0 errors, 1 left on base; Utica 2 - Havana 1 |
BOTTOM OF THE 8TH |
Havana Rollers batting - Pitching for Utica Unicorns : RHP Errol Murphy
|
Pitching: RHP Ken Rogers
|
|
Batting: RHB Paul Bailey
|
0-0: Ball 1-0: SINGLE (Flyball, 8RM)
|
Batting: LHB Mario Olivares
|
0-0: DOUBLE (Groundball, 3L) Paul Bailey to third Runner from 3rd tries for Home, SAFE, throw made at trailing runner, OUT at third!
|
Batting: RHB Soshu Nakamura
|
0-0: Ball 1-0: Foul Ball, location: 2F 1-1: Ball 2-1: Foul Ball, location: 2F 2-2: Ground out 6-3 (Groundball, 6)
|
Batting: LHB Enrique Cortéz
|
0-0: Called Strike 0-1: Ball 1-1: Ball 2-1: Foul Ball, location: 2F 2-2: Foul Ball, location: 2F 2-2: Foul Ball, location: 2F 2-2: Strikes out looking
|
Bottom of the 8th over - 1 run, 2 hits, 0 errors, 0 left on base; Utica 2 - Havana 2 |
TOP OF THE 9TH |
Utica Unicorns batting - Pitching for Havana Rollers : RHP Nolan Baker
|
Batting: LHB José Román
|
0-0: Called Strike 0-1: Swinging Strike 0-2: Ball 1-2: Fly out, F9 (Flyball, 89S)
|
Batting: LHB Mitchell Oglethorpe
|
0-0: Ball 1-0: Foul Ball, location: 2F 1-1: Ball 2-1: Called Strike 2-2: Ground out U3 (Groundball, 3L)
|
Batting: SHB Ralph Robison
|
0-0: Ball 1-0: Called Strike 1-1: Swinging Strike 1-2: Fly out, F6 (Flyball, 56D)
|
Top of the 9th over - 0 runs, 0 hits, 0 errors, 0 left on base; Utica 2 - Havana 2 |
BOTTOM OF THE 9TH |
Havana Rollers batting - Pitching for Utica Unicorns : RHP Ken Rogers
|
Batting: RHB Bill Little
|
0-0: Ball 1-0: Fly out, F8 (Flyball, 8RD)
|
Pitching: RHP Hiroshige Yamada
|
|
Batting: LHB Shiro Ueno
|
0-0: Foul Ball, location: 2F 0-1: Ball 1-1: Fly out, F6 (Popup, 6S)
|
Batting: SHB Júlio Valentín
|
0-0: Ball 1-0: Foul Ball, location: 2F 1-1: Foul Ball, location: 2F 1-2: Ball 2-2: Fly out, F3 (Line Drive, 34)
|
Bottom of the 9th over - 0 runs, 0 hits, 0 errors, 0 left on base; Utica 2 - Havana 2 |
TOP OF THE 10TH |
Utica Unicorns batting - Pitching for Havana Rollers : RHP Nolan Baker
|
Batting: RHB Justin Geoghegan
|
0-0: Ball 1-0: Called Strike 1-1: Called Strike 1-2: Ball 2-2: Ball 3-2: Ground out 6-3 (Groundball, 6)
|
Batting: RHB Juan Caceres
|
0-0: Called Strike 0-1: Fly out, F4 (Popup, 4MD)
|
Pinch Hitting: RHB José Velázquez
|
0-0: Ball 1-0: SOLO HOME RUN (Flyball, 7D), Distance : 387 ft
|
Batting: RHB John Jones
|
0-0: Foul Ball, location: 2F 0-1: Ball 1-1: Ball 2-1: SINGLE (Line Drive, 89S)
|
Batting: LHB Stan Hickman
|
0-0: Ball 1-0: Foul Ball, location: 2F 1-1: Ball 2-1: Fly out, F6 (Flyball, 6D)
|
Top of the 10th over - 1 run, 2 hits, 0 errors, 1 left on base; Utica 3 - Havana 2 |
BOTTOM OF THE 10TH |
Havana Rollers batting - Pitching for Utica Unicorns : RHP Hiroshige Yamada
|
Pitching: RHP Robinson Ramírez
|
|
Now in RF: José Flores
|
|
Batting: RHB Chad Case
|
0-0: SINGLE (Groundball, 56D)
|
Batting: SHB Yasuhiro Ikarashi
|
0-0: Ball 1-0: Called Strike 1-1: Ball 2-1: Fly out, F4 (Line Drive, 4)
|
Batting: RHB Paul Bailey
|
0-0: Ball 1-0: Grounds into double play, 4-6-3 (Groundball, 4)
|
Bottom of the 10th over - 0 runs, 1 hit, 0 errors, 0 left on base; Utica 3 - Havana 2 |
|